 Dungeon Crawl Stone Soup version 0.30.1-11-g7821555f0a (webtiles) character file.

Game seed: 8516682728677156789

583 Rushional the Grave Robber (level 7, -13/36 HPs)
             Began as a Kobold Necromancer on Jan 4, 2024.
             Mangled by a gnoll sergeant
             ... wielding a +0 trident
              (16 damage)
             ... on level 5 of the Dungeon.
             The game lasted 01:35:27 (6536 turns).

Rushional the Grave Robber (Kobold Necromancer)     Turns: 6536, Time: 01:35:28

Health: -13/36     AC:  4    Str:  6    XL:     7   Next: 64%
Magic:  2/13       EV: 14    Int: 18    God:
Gold:   251        SH:  0    Dex: 15    Spells: 8/14 levels left

rFire   . . .        h - +1 rapier (protect)
rCold   . . .        (no shield)
rNeg    . . .        m - +0 leather armour
rPois   +            (no helmet)
rElec   .            (no cloak)
rCorr   .            (no gloves)
SInv    .            g - +0 pair of boots
Will    .....        (no amulet)
Stlth   +++          r - ring of poison resistance
HPRegen 0.26/turn    (no ring)
MPRegen 0.13/turn

%: no passive effects
@: no status effects
A: small, no large weapons, nightstalker 3
a: no special abilities


You were on level 5 of the Dungeon.
You visited 1 branch of the dungeon, and saw 5 of its levels.

You collected 251 gold pieces.

Inventory:

Hand Weapons
 h - a +1 rapier of protection (weapon)
 i - a +0 short sword
 s - a +0 sling
 y - a +0 short sword
 C - a +2 dagger of flaming
Missiles
 j - 63 stones
 l - 25 poisoned darts
 D - 6 boomerangs
Armour
 a - a +0 robe
 d - a +0 leather armour
 g - a +0 pair of boots (worn)
 m - a +0 leather armour (worn)
 w - a +0 robe
 A - a +0 leather armour
 F - a scarf of invisibility
 H - an orb of wrath
Magical Staves
 B - a staff of poison
Jewellery
 q - an amulet of faith
 r - a ring of poison resistance (left hand)
Wands
 b - a wand of flame (34)
 t - a wand of light (8)
Scrolls
 c - 3 scrolls of teleportation {unknown}
 e - 4 scrolls of identify {unknown}
 f - a scroll of amnesia {unknown}
 o - a scroll of silence {unknown}
 u - 2 scrolls of immolation {unknown}
 x - 4 scrolls of fog {unknown}
 I - a scroll of magic mapping {unknown}
Potions
 k - 2 potions of attraction {unknown}
 n - a potion of degeneration {unknown}
 p - 2 potions of lignification {unknown}
 v - a potion of brilliance {unknown}
 z - 2 potions of might {unknown}
 E - a potion of curing {unknown}
 G - a potion of invisibility {unknown}


   Skills:
 + Level 4.2 Short Blades
 - Level 2.6 Dodging
 - Level 3.0 Stealth
 + Level 4.3 Spellcasting
 * Level 6.8 Necromancy


You had 8 spell levels left.
You knew the following spells:

 Your Spells              Type           Power      Damage    Failure   Level
a - Necrotise             Necr           100%       1d9       1%          1
b - Sublimation of Blood  Necr           28%        N/A       1%          2
c - Vampiric Draining     Necr           28%        2d8       4%          3

Your spell library contained the following spells:

 Spells                   Type           Power      Damage    Failure   Level
 Animate Dead             Necr           28%        N/A       13%         4
 Beastly Appendage        Tmut           6%         N/A       22%         1
 Summon Small Mammal      Summ           12%        N/A       22%         1
 Wereblood                Tmut           3%         N/A       32%         2
 Agony                    Necr           28%        N/A       36%         5
 Call Canine Familiar     Summ           3%         N/A       54%         3
 Spider Form              Tmut/Pois      3%         N/A       54%         3
 Summon Guardian Golem    Hex/Summ       3%         N/A       54%         3
 Summon Hydra             Summ           1%         N/A       100%        7


Dungeon Overview and Level Annotations

Branches:
Dungeon (5/15)
 Temple: D:4-7

Altars:
Uskayaw
Wu Jian

Shops:
D:5 [

Annotations:
D:5 1 runed translucent door, Crazy Yiuf


Innate Abilities, Weirdness & Mutations

You are small and have problems with some larger weapons.
You are completely attuned to the shadows.


Message History

Press: ? - help, Q - select action, (/) - cycle Shift-Dir - straight line, f/p - gnoll
Aim: a gnoll, wielding a +0 flail (almost dead, chance to affect: 88%)
The gnoll barely resists.
The gnoll sergeant hits you from afar with a +0 trident.
The gnoll closely misses you. The iguana bites you.
Aiming: Necrotise (safe; 1% risk of failure)
Press: ? - help, Q - select action, (/) - cycle Shift-Dir - straight line, f/p - gnoll
Aim: a gnoll, wielding a +0 flail (almost dead, chance to affect: 88%)
The gnoll writhes in agony!
You kill the gnoll!
The dead are walking!
The gnoll sergeant completely misses you.
The gnoll hits you from afar with a +0 spear.
The iguana bites you but does no damage.
Aiming: Necrotise (safe; 1% risk of failure)
Press: ? - help, Q - select action, (/) - cycle Shift-Dir - straight line, f - iguana
Aim: an iguana (chance to affect: 88%)
The iguana writhes in agony!
A gnoll comes into view. It is wielding a +0 club.
The gnoll sergeant misses you. The gnoll closely misses you.
The iguana bites you!
Aiming: Necrotise (safe; 1% risk of failure)
Press: ? - help, Q - select action, (/) - cycle Shift-Dir - straight line, f/p - iguana
Aim: an iguana (moderately wounded, chance to affect: 88%)
The iguana writhes in agony.
Your gnoll skeleton hits the gnoll but does no damage.
The gnoll sergeant hits you from afar with a +0 trident!
* * * LOW HITPOINT WARNING * * *
The gnoll hits you from afar with a +0 spear.
* * * LOW HITPOINT WARNING * * *
The gnoll hits your gnoll skeleton with a +0 club!
The iguana misses you.
Aiming: Vampiric Draining (dangerous; 4% risk of failure)
Press: ? - help, Q - select action, (/) - cycle Shift-Dir - straight line, f/p - iguana
Aim: an iguana (severely wounded)
You draw life force from the iguana.
You kill the iguana!
You feel life coursing into your body.
The gnoll sergeant hits you from afar with a +0 trident!
You die...

########## ##...##...##
##..........## #
#............# #
#.)..........# #
#...†........# #
##.......(..### #
##.........@)###:. ##
######..###.g.... #.
#### #.####.###.gZ...
##.
##..####....#.......g..
#).
.......#.##..#...#.....
#..
..####...###...#.#.....
...#
..####....###..#... .
....#
.......#...##..#..#
...##..
#####..............
...##..


You could see a gnoll sergeant, 2 gnolls and a friendly gnoll skeleton.

Vanquished Creatures
  A scorpion (D:5)
  A howler monkey (D:3)
  A hound (D:3)
  An orc priest (D:3)
  2 iguanas
  Terence (D:2)
  Natasha (thrice) (D:2)
  4 orc wizards
  Ijyb (D:3)
  5 adders
  A gnoll (D:5)
  3 worms (D:3)
  2 dart slugs (D:1)
  15 orcs
  A bat (D:2)
  5 endoplasms
  5 giant cockroaches
  9 goblins
  7 hobgoblins
  7 jackals
  4 kobolds
  2 quokkas (D:1)
  5 ball pythons
  2 frilled lizards (D:1)
  8 rats
96 creatures vanquished.

Vanquished Creatures (collateral kills)
  A dart slug (D:3)
  A hobgoblin (D:3)
  2 kobolds
  A frilled lizard (D:1)
  A rat (D:1)
6 creatures vanquished.

Grand Total: 102 creatures vanquished

Notes
Turn   | Place    | Note
-------+----------+-------------------------------------------
     0 | D:1      | Rushional the Kobold Necromancer began the quest for the
                  | Orb.
     0 | D:1      | Reached XP level 1. HP: 10/10 MP: 3/3
   244 | D:1      | Reached XP level 2. HP: 15/15 MP: 3/5
   257 | D:1      | Learned a level 2 spell: Sublimation of Blood
   677 | D:1      | Reached XP level 3. HP: 19/19 MP: 3/6
   932 | D:2      | Noticed Terence
   941 | D:2      | Killed Terence
   942 | D:2      | Reached XP level 4. HP: 18/24 MP: 0/8
  1155 | D:2      | Reached skill level 1 in Short Blades
  1242 | D:2      | Noticed Natasha
  1281 | D:2      | Learned a level 3 spell: Vampiric Draining
  1352 | D:2      | Killed Natasha
  1353 | D:2      | Reached skill level 5 in Necromancy
  1512 | D:2      | Noticed Natasha
  1516 | D:2      | Killed Natasha
  1517 | D:2      | Reached XP level 5. HP: 28/28 MP: 4/9
  2629 | D:3      | Found an ornate altar of the Wu Jian Council.
  2731 | D:3      | Reached XP level 6. HP: 27/32 MP: 4/11
  2954 | D:3      | Reached skill level 6 in Necromancy
  3499 | D:3      | Found a hide-covered altar of Uskayaw.
  4039 | D:3      | Reached XP level 7. HP: 36/36 MP: 4/12
  4190 | D:3      | Noticed Ijyb
  4196 | D:3      | Killed Ijyb
  5159 | D:5      | Entered Level 5 of the Dungeon
  5681 | D:5      | Noticed a wraith
  5986 | D:2      | Noticed Natasha
  5989 | D:2      | Killed Natasha
  6276 | D:5      | Found a runed translucent door.
  6279 | D:5      | Noticed Crazy Yiuf
  6337 | D:5      | Found Xeggoapn's Armour Emporium.
  6535 | D:5      | HP: 1/36 [gnoll/+0 spear[a gnoll sergeant] (2)]
  6536 | D:5      | Mangled by a gnoll sergeant

Illustrated notes

Levels and vault maps discovered:
D:1:      dpeg_arrival_long_road, layout_rooms, wad_floor_pattern_untrapped,
          minmay_misc_feat_columns
D:2:      layout_basic, kennysheep_generic_room_4, uniq_natasha, uniq_terence
D:3:      kennysheep_goblin_castle, layout_basic, nicolae_wu_jian_wuxing_cycle,
          nicolae_uskayaw_suspiria, minmay_misc_feat_diagonals,
          hangedman_feature_mirror
D:4:      layout_basic, grunt_ministairs_5, kennysheep_generic_room_14
D:5:      layout_rooms, serial_shops, shop, uniq_crazy_yiuf_cottage,
          uniq_eustachio

Skill      XL: |  1  2  3  4  5  6  7 |
---------------+----------------------+-----
Stealth        | 3 |  3.0
Short Blades   | 1 2 3 4 |  4.2
Necromancy     | 5 6 |  6.8
Spellcasting   | 3 4 |  4.3
Dodging        | |  2.6

Action                     |  1- 3 |  4- 6 |  7- 9 || total
---------------------------+-------+-------+-------++-------
  Melee: Mace              |     3 |       |       ||     3
         Short sword       |     2 |    25 |     2 ||    29
         Rapier            |       |       |    13 ||    13
   Cast: Necrotise         |    39 |   110 |    57 ||   206
         Vampiric Draining |       |     7 |     9 ||    16
         Sublimation of Bl |       |     1 |       ||     1
    Use: Potion            |       |     2 |       ||     2
 Armour: Robe              |     2 |       |       ||     2
         Leather armour    |     1 |     7 |    13 ||    21
  Dodge: Dodged            |     8 |    48 |    29 ||    85
